3L
THUNDER BAY NORTHERN LIONS BC @ KINGSTON TOWNSHIP LEGION
09/22/2022
 
TOP OF THE 1ST
Thunder Bay Northern Lions BC batting - Pitching for Kingston Township Legion : RHP Alfonso Miranda
Pitching: RHP Alfonso Miranda
Batting: SHB Arnold Griffith 0-0: Foul Ball, location: 2F
0-1: Ball
1-1: Swinging Strike
1-2: Foul Ball, location: 2F
1-2: Strikes out swinging
Batting: LHB Pancho García 0-0: Ball
1-0: Called Strike
1-1: Ball
2-1: Ball
3-1: Base on Balls
Batting: RHB Jonathan Cook 0-0: Ball
1-0: Foul Ball, location: 2F
1-1: Foul Ball, location: 2F
1-2: Foul Ball, location: 2F
1-2: Foul Ball, location: 2F
1-2: SINGLE (Line Drive, 56)
Pancho García to second
Batting: LHB John Brewer 0-0: Ball
1-0: Fly out, F8 (Line Drive, 8RM)
Batting: RHB Robert O'Connor 0-0: SINGLE (Popup, 89S)
Pancho García to third
Jonathan Cook to second
Runner from 3rd tries for Home, SAFE, no throw or cutoff
Batting: SHB Carlos Rodríguez 0-0: Swinging Strike
0-1: Ball
1-1: Ground out 4-3 (Groundball, 4)
Top of the 1st over - 1 run(s), 2 hit(s), 0 error(s), 2 left on base; Thunder Bay 1 - Kingston Township 0
BOTTOM OF THE 1ST
Kingston Township Legion batting - Pitching for Thunder Bay Northern Lions BC : RHP Jorge Castillo
Pitching: RHP Jorge Castillo
Batting: LHB Forrest McCooke 0-0: Swinging Strike
0-1: Bunted foul
0-2: Ball
1-2: Foul Ball, location: 2F
1-2: SINGLE (Line Drive, 89S)
Batting: RHB Layton Templeman 0-0: Called Strike
Forrest McCooke is caught stealing 2nd base
0-1: Fly out, F4 (Popup, 3)
Batting: RHB Pedro Mendoza 0-0: Ball
1-0: Foul Ball, location: 2F
1-1: Called Strike
1-2: Fly out, F7 (Line Drive, 78S)
Bottom of the 1st over - 0 run(s), 1 hit(s), 0 error(s), 0 left on base; Thunder Bay 1 - Kingston Township 0
TOP OF THE 2ND
Thunder Bay Northern Lions BC batting - Pitching for Kingston Township Legion : RHP Alfonso Miranda
Batting: RHB Ed Whitaker 0-0: Fly out, F7 (Flyball, 7M)
Batting: LHB David Martínez 0-0: SINGLE (Flyball, 8LS)
Batting: LHB Tim Hill 0-0: Called Strike
0-1: Called Strike
David Martínez steals 2nd base
0-2: Strikes out swinging
Batting: SHB Arnold Griffith 0-0: Called Strike
0-1: Ball
1-1: DOUBLE (Line Drive, 7LM)
David Martínez scores
Batting: LHB Pancho García 0-0: Called Strike
0-1: Ball
1-1: Foul Ball, location: 2F
1-2: Ball
2-2: SINGLE (Flyball, 7LS)
Arnold Griffith to third
Runner from 3rd tries for Home, throw and OUT!
Top of the 2nd over - 1 run(s), 3 hit(s), 0 error(s), 1 left on base; Thunder Bay 2 - Kingston Township 0
BOTTOM OF THE 2ND
Kingston Township Legion batting - Pitching for Thunder Bay Northern Lions BC : RHP Jorge Castillo
Batting: LHB Gonzalo López 0-0: Ball
1-0: DOUBLE (Line Drive, 9LM)
Batting: RHB Akihiko Oike 0-0: SINGLE (Line Drive, 7LS)
Gonzalo López to third
Batting: LHB Wilfrid Savary 0-0: Ball
1-0: Ball
2-0: Foul Ball, location: 2F
2-1: Ball
3-1: Called Strike
3-2: Base on Balls
Akihiko Oike to second
Batting: RHB Pete Knight 0-0: Ball
1-0: Ball
2-0: Called Strike
2-1: Ground out 5-3 (Groundball, 5S)
Gonzalo López scores
Akihiko Oike to third
Wilfrid Savary to second
Batting: RHB Clarence Neal 0-0: Ball
1-0: Swinging Strike
1-1: Ball
2-1: Foul Ball, location: 2F
2-2: Ball
3-2: DOUBLE (Flyball, 89XD)
Akihiko Oike scores
Wilfrid Savary scores
Batting: RHB Stan Pierce 0-0: Ball
1-0: Ball
2-0: Ground out 5-3 (Groundball, 15S)
Clarence Neal to third
Batting: LHB Forrest McCooke 0-0: Ball
1-0: Ball
2-0: Called Strike
2-1: Ball
3-1: Foul Ball, location: 2F
3-2: Foul Ball, location: 2F
3-2: Foul Ball, location: 2F
3-2: Strikes out looking
Bottom of the 2nd over - 3 run(s), 3 hit(s), 0 error(s), 1 left on base; Thunder Bay 2 - Kingston Township 3
TOP OF THE 3RD
Thunder Bay Northern Lions BC batting - Pitching for Kingston Township Legion : RHP Alfonso Miranda
Batting: RHB Jonathan Cook 0-0: Ball
1-0: Foul Ball, location: 2F
1-1: Foul Ball, location: 2F
1-2: Ground out 5-3 (Groundball, 56)
Batting: LHB John Brewer 0-0: Swinging Strike
0-1: Ball
1-1: Swinging Strike
1-2: Ball
2-2: DOUBLE (Line Drive, 78D)
Batting: RHB Robert O'Connor 0-0: Ball
1-0: Foul Ball, location: 2F
1-1: Foul Ball, location: 2F
1-2: Ball
2-2: Foul Ball, location: 2F
2-2: SINGLE (Flyball, 8LS)
John Brewer to third
Runner from 3rd tries for Home, SAFE, no throw or cutoff
Batting: SHB Carlos Rodríguez 0-0: Called Strike
0-1: Ball
1-1: Ball
2-1: Called Strike
2-2: Foul Ball, location: 2F
2-2: Foul Ball, location: 2F
2-2: Ball
3-2: Foul Ball, location: 2F
3-2: SINGLE (Groundball, 56)
Robert O'Connor to second
Batting: RHB Ed Whitaker 0-0: Ball
1-0: Grounds into double play, 5-4-3 (Groundball, 56)
Top of the 3rd over - 1 run(s), 3 hit(s), 0 error(s), 1 left on base; Thunder Bay 3 - Kingston Township 3
BOTTOM OF THE 3RD
Kingston Township Legion batting - Pitching for Thunder Bay Northern Lions BC : RHP Jorge Castillo
Batting: RHB Layton Templeman 0-0: Foul Ball, location: 2F
0-1: Foul Ball, location: 2F
0-2: Foul Ball, location: 2F
0-2: Foul Ball, location: 2F
0-2: Ball
1-2: Ball
2-2: Foul Ball, location: 2F
2-2: Foul Ball, location: 2F
2-2: SINGLE (Groundball, 5L)
Batting: RHB Pedro Mendoza 0-0: Ball
1-0: Ground out U3 (Groundball, 3S)
Layton Templeman to second
Batting: LHB Gonzalo López 0-0: Intentional Walk
Batting: RHB Akihiko Oike 0-0: Fly out, F3 (Popup, 3DF)
Batting: LHB Wilfrid Savary 0-0: Called Strike
0-1: Ball
1-1: Ball
2-1: Foul Ball, location: 2F
2-2: Strikes out swinging
Bottom of the 3rd over - 0 run(s), 1 hit(s), 0 error(s), 2 left on base; Thunder Bay 3 - Kingston Township 3
TOP OF THE 4TH
Thunder Bay Northern Lions BC batting - Pitching for Kingston Township Legion : RHP Alfonso Miranda
Batting: LHB David Martínez 0-0: Ball
1-0: Ball
2-0: Ball
3-0: Base on Balls
Batting: LHB Tim Hill 0-0: Ball
1-0: Ball
2-0: Foul Ball, location: 2F
2-1: Ball
3-1: Reached on error, E3 (Groundball, 3)
David Martínez to second
Batting: SHB Arnold Griffith 0-0: Called Strike
0-1: Ground out 5-3 (Groundball, 15S)
David Martínez to third
Tim Hill to second
Batting: LHB Pancho García 0-0: Intentional Walk
Batting: RHB Jonathan Cook 0-0: SINGLE (Groundball, 4MD)
David Martínez scores
Tim Hill to third
Pancho García to second
Runner from 3rd tries for Home, SAFE, throw made home
Batting: LHB John Brewer 0-0: Foul Ball, location: 2F
0-1: Foul Ball, location: 2F
0-2: Foul Ball, location: 2F
0-2: Strikes out swinging
Pitching: RHP Cisco Cruz
Batting: RHB Robert O'Connor 0-0: Called Strike
0-1: Ball
1-1: Swinging Strike
1-2: Ball
2-2: Strikes out looking
Top of the 4th over - 2 run(s), 1 hit(s), 1 error(s), 2 left on base; Thunder Bay 5 - Kingston Township 3
BOTTOM OF THE 4TH
Kingston Township Legion batting - Pitching for Thunder Bay Northern Lions BC : RHP Jorge Castillo
Batting: RHB Pete Knight 0-0: SINGLE (Groundball, 15S) (infield hit)
Batting: RHB Clarence Neal 0-0: Called Strike
0-1: Called Strike
0-2: Ball
1-2: Grounds into double play, 6-4-3 (Groundball, 56)
Batting: RHB Stan Pierce 0-0: Swinging Strike
0-1: Ball
1-1: Foul Ball, location: 2F
1-2: DOUBLE (Line Drive, 7LS)
Batting: LHB Forrest McCooke 0-0: Swinging Strike
0-1: Ball
1-1: Called Strike
1-2: Ball
2-2: Foul Ball, location: 2F
2-2: Foul Ball, location: 2F
2-2: Foul Ball, location: 2F
2-2: Foul Ball, location: 2F
2-2: Ball
3-2: Foul Ball, location: 2F
3-2: Ground out 5-3 (Groundball, 56)
Bottom of the 4th over - 0 run(s), 2 hit(s), 0 error(s), 1 left on base; Thunder Bay 5 - Kingston Township 3
TOP OF THE 5TH
Thunder Bay Northern Lions BC batting - Pitching for Kingston Township Legion : RHP Cisco Cruz
Batting: SHB Carlos Rodríguez 0-0: Ball
1-0: SINGLE (Line Drive, 4M)
Batting: RHB Ed Whitaker 0-0: Called Strike
0-1: SINGLE (Groundball, 6MD)
Carlos Rodríguez to second
Batting: LHB David Martínez 0-0: Swinging Strike
0-1: Bunted foul
0-2: Grounds into double play, 6-4-3 (Groundball, 6)
Carlos Rodríguez to third
Batting: LHB Tim Hill 0-0: Ball
1-0: Ball
2-0: Called Strike
2-1: Ball
3-1: Base on Balls
Batting: SHB Arnold Griffith 0-0: SINGLE (Line Drive, 89S)
Carlos Rodríguez scores
Tim Hill to second
Runner from 2nd tries for 3rd, SAFE, no throw or cutoff
Batting: LHB Pancho García 0-0: Ball
1-0: Ball
2-0: Fly out, F6 (Popup, 6MD)
Top of the 5th over - 1 run(s), 3 hit(s), 0 error(s), 2 left on base; Thunder Bay 6 - Kingston Township 3
BOTTOM OF THE 5TH
Kingston Township Legion batting - Pitching for Thunder Bay Northern Lions BC : RHP Jorge Castillo
Batting: RHB Layton Templeman 0-0: Ball
1-0: Foul Ball, location: 2F
1-1: Ball
2-1: Ball
3-1: SINGLE (Flyball, 6MD)
Batting: RHB Pedro Mendoza 0-0: Fly out, F6 (Popup, 8LS)
Batting: LHB Gonzalo López 0-0: Ball
1-0: Foul Ball, location: 2F
1-1: Ball
2-1: Ball
3-1: Base on Balls
Layton Templeman to second
Batting: RHB Akihiko Oike 0-0: Called Strike
0-1: Foul Ball, location: 2F
0-2: Foul Ball, location: 2F
0-2: Ball
1-2: Reached on error, E5 (Groundball, 5S)
Layton Templeman to third
Gonzalo López to second
Batting: LHB Wilfrid Savary 0-0: Swinging Strike
0-1: Ball
1-1: Swinging Strike
1-2: Strikes out swinging
Batting: RHB Pete Knight 0-0: Foul Ball, location: 2F
0-1: Foul Ball, location: 2F
0-2: Ball
1-2: Ball
2-2: Fly out, F7 (Flyball, 78D)
Bottom of the 5th over - 0 run(s), 1 hit(s), 1 error(s), 3 left on base; Thunder Bay 6 - Kingston Township 3
TOP OF THE 6TH
Thunder Bay Northern Lions BC batting - Pitching for Kingston Township Legion : RHP Cisco Cruz
Batting: RHB Jonathan Cook 0-0: Ball
1-0: Ball
2-0: Called Strike
2-1: Ground out U3 (Groundball, 3S)
Batting: LHB John Brewer 0-0: Ball
1-0: Foul Ball, location: 2F
1-1: Ball
2-1: SINGLE (Line Drive, 4D)
Batting: RHB Robert O'Connor 0-0: Called Strike
0-1: Ball
1-1: Called Strike
1-2: Strikes out swinging
Batting: SHB Carlos Rodríguez 0-0: Swinging Strike
0-1: Swinging Strike
0-2: Ball
1-2: Ball
2-2: Foul Ball, location: 2F
2-2: Ball
3-2: Strikes out looking
Top of the 6th over - 0 run(s), 1 hit(s), 0 error(s), 1 left on base; Thunder Bay 6 - Kingston Township 3
BOTTOM OF THE 6TH
Kingston Township Legion batting - Pitching for Thunder Bay Northern Lions BC : RHP Jorge Castillo
Batting: RHB Clarence Neal 0-0: Foul Ball, location: 2F
0-1: Foul Ball, location: 2F
0-2: Ball
1-2: Foul Ball, location: 2F
1-2: Foul Ball, location: 2F
1-2: Strikes out looking
Batting: RHB Stan Pierce 0-0: SINGLE (Groundball, 56D)
Pitching: RHP Brandon Bannatyne
Batting: LHB Forrest McCooke 0-0: Called Strike
Stan Pierce steals 2nd base
0-1: Ball
1-1: Foul Ball, location: 2F
1-2: DOUBLE (Line Drive, 7LD)
Stan Pierce scores
Batting: RHB Layton Templeman 0-0: Called Strike
0-1: Ball
1-1: SINGLE (Line Drive, 8LS)
Forrest McCooke to third
Runner from 3rd tries for Home, SAFE, no throw or cutoff
Batting: RHB Pedro Mendoza 0-0: Called Strike
0-1: Ball
1-1: Called Strike
1-2: Strikes out swinging
Batting: LHB Gonzalo López 0-0: Called Strike
0-1: Ball
1-1: Foul Ball, location: 2F
1-2: Foul Ball, location: 2F
1-2: Foul Ball, location: 2F
1-2: SINGLE (Groundball, 34D)
Layton Templeman to second
Runner from 2nd tries for 3rd, SAFE, throw made to third
Batting: RHB Akihiko Oike 0-0: SINGLE (Line Drive, 56)
Layton Templeman scores
Gonzalo López to second
Batting: LHB Wilfrid Savary 0-0: Ground out 4-3 (Groundball, 4)
Bottom of the 6th over - 3 run(s), 5 hit(s), 0 error(s), 2 left on base; Thunder Bay 6 - Kingston Township 6
TOP OF THE 7TH
Thunder Bay Northern Lions BC batting - Pitching for Kingston Township Legion : RHP Cisco Cruz
Pinch Hitting: LHB Curtis Peters 0-0: Called Strike
0-1: Ball
1-1: Ball
2-1: Foul Ball, location: 2F
2-2: SINGLE (Line Drive, 7S)
Batting: LHB David Martínez 0-0: Ball
1-0: Ball
2-0: Bunted foul
2-1: Bunted foul
2-2: Foul Ball, location: 2F
2-2: Ground out 4-3 (Groundball, 4S)
Curtis Peters to second
Batting: LHB Tim Hill 0-0: Called Strike
0-1: Ball
1-1: Ball
2-1: Swinging Strike
2-2: Foul Ball, location: 2F
2-2: Strikes out swinging
Batting: SHB Arnold Griffith 0-0: Fly out, F7 (Line Drive, 7M)
Top of the 7th over - 0 run(s), 1 hit(s), 0 error(s), 1 left on base; Thunder Bay 6 - Kingston Township 6
BOTTOM OF THE 7TH
Kingston Township Legion batting - Pitching for Thunder Bay Northern Lions BC : RHP Brandon Bannatyne
Now at 2B: Curtis Peters
Batting: RHB Pete Knight 0-0: Ball
1-0: Foul Ball, location: 2F
1-1: Foul Ball, location: 2F
1-2: Foul Ball, location: 2F
1-2: Strikes out swinging
Batting: RHB Clarence Neal 0-0: Swinging Strike
0-1: Foul Ball, location: 2F
0-2: Foul Ball, location: 2F
0-2: Ball
1-2: Foul Ball, location: 2F
1-2: SINGLE (Groundball, 56D)
Batting: RHB Stan Pierce 0-0: Ball
1-0: Called Strike
1-1: Ball
2-1: Swinging Strike
2-2: Grounds into double play, 6-4-3 (Groundball, 6)
Bottom of the 7th over - 0 run(s), 1 hit(s), 0 error(s), 0 left on base; Thunder Bay 6 - Kingston Township 6
TOP OF THE 8TH
Thunder Bay Northern Lions BC batting - Pitching for Kingston Township Legion : RHP Cisco Cruz
Batting: LHB Pancho García 0-0: Ground out 4-3 (Groundball, 4)
Batting: RHB Jonathan Cook 0-0: Foul Ball, location: 2F
0-1: Called Strike
0-2: Ball
1-2: Ball
2-2: Fly out, F3 (Popup, 34)
Batting: LHB John Brewer 0-0: Called Strike
0-1: Ball
1-1: Ball
2-1: Fly out, F6 (Popup, 6MD)
Top of the 8th over - 0 run(s), 0 hit(s), 0 error(s), 0 left on base; Thunder Bay 6 - Kingston Township 6
BOTTOM OF THE 8TH
Kingston Township Legion batting - Pitching for Thunder Bay Northern Lions BC : RHP Brandon Bannatyne
Batting: LHB Forrest McCooke 0-0: SINGLE (Line Drive, 6M)
Batting: RHB Layton Templeman 0-0: Ball
1-0: Sac Bunt - play at first, batter OUT! 2-4
Forrest McCooke to second
Batting: RHB Pedro Mendoza 0-0: Ball
1-0: Ball
2-0: Ground out 5-3 (Groundball, 5)
Batting: LHB Gonzalo López 0-0: Intentional Walk
Pitching: LHP Mhelter Vitor
Batting: RHB Akihiko Oike 0-0: SINGLE (Groundball, 5L)
Forrest McCooke to third
Gonzalo López to second
Runner from 3rd tries for Home, throw and OUT!
Bottom of the 8th over - 0 run(s), 2 hit(s), 0 error(s), 2 left on base; Thunder Bay 6 - Kingston Township 6
TOP OF THE 9TH
Thunder Bay Northern Lions BC batting - Pitching for Kingston Township Legion : RHP Cisco Cruz
Pitching: RHP Bruce Hamilton
Batting: RHB Robert O'Connor 0-0: Ball
1-0: Foul Ball, location: 2F
1-1: DOUBLE (Line Drive, 89D)
Batting: SHB Carlos Rodríguez 0-0: Intentional Walk
Batting: LHB Curtis Peters 0-0: Ball
1-0: Ball
2-0: Bunted foul
2-1: Bunted foul
2-2: Ground out U3 (Groundball, 3)
Robert O'Connor to third
Carlos Rodríguez to second
Pinch Hitting: LHB Pedro Willis 0-0: Intentional Walk
Batting: LHB Tim Hill 0-0: Swinging Strike
0-1: Ball
1-1: Swinging Strike
1-2: Ball
2-2: Fly out, F9 (Flyball, 9D)
Runner from 3rd tags up, SCORES, throw made
Batting: SHB Arnold Griffith 0-0: Foul Ball, location: 2F
0-1: SINGLE (Line Drive, 8LS)
Carlos Rodríguez to third
Pedro Willis to second
Batting: LHB Pancho García 0-0: Called Strike
0-1: Ball
1-1: Ground out 6-3 (Groundball, 6)
Top of the 9th over - 1 run(s), 2 hit(s), 0 error(s), 3 left on base; Thunder Bay 7 - Kingston Township 6
BOTTOM OF THE 9TH
Kingston Township Legion batting - Pitching for Thunder Bay Northern Lions BC : LHP Mhelter Vitor
Pitching: RHP José Ramos
Now at 3B: Iván Vargas
Batting: LHB Wilfrid Savary 0-0: Called Strike
0-1: Foul Ball, location: 2F
0-2: Ball
1-2: Ball
2-2: Ground out 4-3 (Groundball, 4)
Batting: RHB Pete Knight 0-0: Called Strike
0-1: Fly out, F8 (Flyball, 78D)
Batting: RHB Clarence Neal 0-0: Ball
1-0: DOUBLE (Groundball, 5L)
Batting: RHB Stan Pierce 0-0: Ball
1-0: Fly out, F9 (Line Drive, 89M)
Bottom of the 9th over - 0 run(s), 1 hit(s), 0 error(s), 1 left on base; Thunder Bay 7 - Kingston Township 6
This league is powered by Out of the Park Baseball, the baseball management simulation game for PC, Mac and Linux
Friday, April 15th, 2016 - OOTP Baseball 16.9 Build 39